 Dungeon Crawl Stone Soup version 0.30-a0-715-gdb4ae3ece1 (webtiles) character file.

Game seed: 5139659014917705319

101 Hubris850 the Sneak (level 4, -2/21 HPs)
             Began as a Spriggan Enchanter on Jan 24, 2023.
             Slain by an orc
             ... wielding a +0 flail
              (9 damage)
             ... on level 3 of the Dungeon.
             The game lasted 00:05:31 (1900 turns).

Hubris850 the Sneak (Spriggan Enchanter)            Turns: 1900, Time: 00:05:32

Health: -2/21      AC:  2    Str: 10    XL:     4   Next: 48%
Magic:  9/9        EV: 17    Int: 22    God:
Gold:   88         SH:  0    Dex: 17    Spells: 3/8 levels left

rFire   . . .      SeeInvis +    a - +1 dagger
rCold   . . .      Faith    .    (no shield)
rNeg    . . .      Spirit   .    b - +0 robe
rPois   .          Reflect  .    (helmet restricted)
rElec   .          Harm     .    (no cloak)
rCorr   .          Rampage  .    (gloves unavailable)
Will    .....                    (boots unavailable)
Stlth   +++                      (no amulet)
HPRegen 0.23/turn                l - +6 ring of strength
MPRegen 0.11/turn                k - +6 ring of intelligence

@: very quick
A: very small, no large weapons, unfitting armour, see invisible, speed 3
a: no special abilities


You were on level 3 of the Dungeon.
You visited 1 branch of the dungeon, and saw 3 of its levels.

You collected 88 gold pieces.

Inventory:

Hand Weapons
 a - a +1 dagger (weapon)
Missiles
 n - 4 poisoned darts (quivered)
Armour
 b - a +0 robe (worn)
Jewellery
 i - a ring of protection from fire
 k - a +6 ring of intelligence (right hand)
 l - a +6 ring of strength (left hand)
Scrolls
 h - 2 scrolls of immolation
 m - a scroll of fear {unknown}
 p - 2 scrolls of noise {unknown}
 q - 2 scrolls of teleportation {unknown}
 r - 3 scrolls of identify {unknown}
 s - a scroll of fog {unknown}
 u - a scroll of enchant weapon {unknown}
 w - a scroll of poison {unknown}
Potions
 c - 2 potions of invisibility
 d - 2 potions of flight {unknown}
 e - a potion of curing {unknown}
 f - 2 potions of attraction {unknown}
 g - a potion of berserk rage {unknown}
 j - a potion of mutation {unknown}
 o - 2 potions of lignification {unknown}
 t - a potion of brilliance {unknown}
 v - a potion of heal wounds {unknown}


   Skills:
 - Level 4.0 Short Blades
 - Level 2.6 Dodging
 - Level 6.0 Stealth
 + Level 2.6 Spellcasting
 + Level 3.6 Hexes
 + Level 0.0 Ice Magic


You had 3 spell levels left.
You knew the following spells:

 Your Spells              Type           Power      Damage    Failure   Level
a - Ensorcelled Hibernat  Hex/Ice        20%        N/A       10%         2
b - Confusing Touch       Hex            18%        N/A       9%          3

Your spell library contained the following spells:

 Spells                   Type           Power      Damage    Failure   Level
 Tukima's Dance           Hex            18%        N/A       9%          3
 Summon Small Mammal      Summ           8%         N/A       13%         1
 Cigotuvi's Dreadful Rot  Necr/Pois/Air  4%         N/A       19%         2
 Poisonous Vapours        Pois/Air       4%         N/A       19%         2
 Dazzling Flash           Conj/Hex       20%        N/A       19%         3
 Summon Guardian Golem    Hex/Summ       10%        N/A       19%         3
 Call Canine Familiar     Summ           2%         N/A       36%         3
 Mephitic Cloud           Conj/Pois/Air  2%         N/A       36%         3


Dungeon Overview and Level Annotations

Branches:
Dungeon (3/15)

Altars:
The Shining One


Innate Abilities, Weirdness & Mutations

You are very small and have problems with some larger weapons.
You are too small for most types of armour.
You have supernaturally acute eyesight. (SInv)
You cover ground extremely quickly. (Speed+++)


Message History

Magic restored.
Things that are here:
a +0 dagger of protection; a goblin corpse You now have 88 gold pieces (gained 22).
Items here: )))) [ ††††.
Found a ring mail.
You see here a +0 ring mail.
An orc comes into view. It is wielding a +0 short sword.
An orc comes into view. It is wielding a +0 dagger.
An orc and a quokka come into view.
An orc priest comes into view. It is wielding a +0 hand axe.
Found 2 stones.
The helpless orc fails to defend itself.
You skewer the orc like a kebab!!!
You kill the orc!
The orc shouts! x2; The orc priest shouts!
You see here a +0 ring mail.
You barely miss the quokka. The quokka misses you.
You barely miss the quokka. The quokka bites you.
You hit the quokka.
The quokka is heavily wounded.
The quokka closely misses you.
You hit the quokka.
You kill the quokka!
Training target 4.0 for Short Blades reached!
Your Short Blades skill increases to level 4!
You need to enable at least one skill for training.
The orc hits you with a +0 flail.
You hit the orc but do no damage. The orc barely misses you.
You closely miss the orc. The orc hits you with a +0 flail.
You hit the orc.
The orc is moderately wounded.
You hit the orc but do no damage.
The orc is moderately wounded.
The orc hits you with a +0 flail.
* * * LOW HITPOINT WARNING * * *
You hit the orc but do no damage.
The orc is moderately wounded.
The orc hits you with a +0 flail!
You die...

##....###).......# #
##...#...#........#
).#.................#
#...................#
##...........###.####
#....†......##..#
#...........##..#
...........#.....##########
.....##.#.###.##@##........
.#... #...#...##o..........
##. #..##.####.##........
#. #..##. ###.....###### #
...## #...[####
..........##...# ...###
###.# .. #.## #.r#


You could see an orc.

Vanquished Creatures
  Jessica (D:2)
  3 adders
  5 orcs (D:3)
  4 ball pythons
  5 endoplasms
  3 goblins
  3 hobgoblins
  4 jackals (D:1)
  2 quokkas
  2 bats (D:2)
  3 frilled lizards (D:1)
  5 kobolds
  3 rats
43 creatures vanquished.

Notes
Turn   | Place    | Note
-------+----------+-------------------------------------------
     0 | D:1      | Hubris850 the Spriggan Enchanter began the quest for the
                  | Orb.
     0 | D:1      | Reached XP level 1. HP: 9/9 MP: 5/5
   114 | D:1      | Reached skill level 5 in Stealth
   276 | D:1      | Reached XP level 2. HP: 9/13 MP: 6/6
   288 | D:1      | Learned a level 2 spell: Ensorcelled Hibernation
   498 | D:1      | Reached skill level 6 in Stealth
   725 | D:2      | Found a glowing golden altar of the Shining One.
   788 | D:2      | Reached XP level 3. HP: 16/16 MP: 8/8
   997 | D:2      | Noticed Jessica
  1010 | D:2      | Killed Jessica
  1409 | D:2      | Learned a level 3 spell: Confusing Touch
  1529 | D:3      | Reached XP level 4. HP: 21/21 MP: 9/9
  1579 | D:3      | Found a faded altar of an unknown god.
  1900 | D:3      | Slain by an orc

Illustrated notes

Levels and vault maps discovered:
D:1:      dpeg_arrival_radiant, layout_rooms, minmay_misc_feat_diagonals,
          dk_noncrumbling_4
D:2:      layout_basic, basic_altar, uniq_jessica
D:3:      layout_rooms, dancing_weapons_uskayaw,
          hellmonk_ecumenical_altar_blasted

Skill      XL: |  1  2  3  4 |
---------------+-------------+-----
Stealth        | 5 6 |  6.0
Short Blades   | 3 4 |  4.0
Dodging        | |  2.6
Spellcasting   | |  2.6
Hexes          | |  3.6

Action                     |  1- 3 |  4- 6 || total
---------------------------+-------+-------++-------
  Melee: Dagger            |    98 |    62 ||   160
   Cast: Ensorcelled Hiber |     2 |     3 ||     5
   Stab: Sleeping          |     9 |     3 ||    12
         Distracted        |     1 |       ||     1
 Armour: Robe              |     2 |     2 ||     4
  Dodge: Dodged            |    73 |    28 ||   101

Table legend: (Time is in decaauts)
 A = Elapsed time spent in this place.
 B = Non-inter-level travel time spent in this place.
 C = Inter-level travel time spent in this place.
 D = Time resting spent in this place.
 E = Time spent auto-exploring this place.
 F = Levels seen in this place.
 G = Mean time per level.
                   A        B        C        D        E       F      G
               +--------+--------+--------+--------+--------+-----+--------+
         Total |   1312 |   1274 |     38 |    100 |    816 |   3 |  437.3 |
       Dungeon |   1312 |   1274 |     38 |    100 |    816 |   3 |  437.3 |
               +--------+--------+--------+--------+--------+-----+--------+

Top non-repeatable levels by time:
     D:2: 550 daAuts
     D:1: 474 daAuts
     D:3: 287 daAuts
